AoeStats
← Ähmsel

Arabia

507823948Analyzed
2v2 RM · 12d ago on Sep 19, 2026· 57m 35s· 4 players
Game mode
Random Map
Map size
Medium (4 player)
Population
200
Speed
Normal
Resources
Standard
Victory
Conquest
Starting age
Dark Age
Ending age
Imperial Age
RankedLock teamsTeams togetherTeam positionsShared explorationLock speedFull tech treeHidden civsTurbo modeCheats
Victory
Defeat
🇧🇷 Aztecs · Brazil
586
+13
🇨🇱 Hindustanis · Chile
567
+14
🇩🇪 Lithuanians · Germany
538
-14
🇩🇪 Britons · Germany
501
-13
Ähmsel
4:23 Loom
11:54 Feudal Age
11:59 Man-at-Arms
13:35 Horse Collar
16:30 Town Watch
16:33 Double-Bit Axe
19:37 Wheelbarrow
20:28 Scale Mail Armor
21:11 Fletching
26:04 Bloodlines
28:23 Castle Age
26:45 Padded Archer Armor
27:17 Stone Mining
28:28 Crossbowman
29:17 Squires
29:31 Husbandry
30:34 Pikeman
32:24 Town Patrol
32:06 Light Cavalry
32:58 Heavy Plow
36:36 Elite Skirmisher
37:22 Thumb Ring
39:34 Hand Cart
41:26 Scale Barding Armor
41:37 Chain Mail Armor
43:35 Gold Mining
44:04 Bow Saw
44:35 Devotion
46:20 Ballistics
47:58 Sanctity
49:22 Hill Forts
49:52 Caravan
57:10 Redemption
Dr. Robinski
2:50 Loom
13:31 Feudal Age
23:14 Padded Archer Armor
29:36 Castle Age
33:34 Wheelbarrow
33:17 Leather Archer Armor
32:52 Fletching
32:28 Pikeman
33:24 Crossbowman
35:10 Gambesons
34:45 Man-at-Arms
36:05 Long Swordsman
42:19 Scale Mail Armor
42:37 Horse Collar
47:03 Heavy Plow
53:18 Ballistics
mackay86
1:23 Loom
15:09 Feudal Age
17:02 Wheelbarrow
16:17 Double-Bit Axe
17:36 Horse Collar
20:03 Gold Mining
23:43 Castle Age
21:51 Stone Mining
24:30 Scale Mail Armor
24:41 Forging
24:39 Scale Barding Armor
27:15 Chain Mail Armor
27:35 Iron Casting
27:25 Bloodlines
27:17 Husbandry
27:34 Hand Cart
27:22 Heavy Plow
28:30 Gold Shaft Mining
27:45 Town Watch
28:44 Grand Trunk Road
29:34 Fervor
29:56 Bow Saw
30:24 Stone Shaft Mining
34:41 Chain Barding Armor
37:21 Imperial Age
37:24 Elite Ghulam
38:27 Conscription
38:19 Heavy Camel Rider
40:33 Blast Furnace
44:19 Plate Barding Armor
49:13 Two-Man Saw
47:47 Imperial Camel Rider
Sunrise
11:01 Feudal Age
9:20 Loom
11:39 Double-Bit Axe
18:39 Horse Collar
23:32 Castle Age
22:13 Forging
22:03 Scale Mail Armor
22:15 Gold Mining
22:14 Town Watch
24:48 Iron Casting
24:28 Chain Mail Armor
26:15 Eagle Warrior
28:10 Heavy Plow
28:22 Bow Saw
30:22 Gold Shaft Mining
33:03 Chain Mail Armor
32:39 Fletching
32:49 Padded Archer Armor
38:58 Imperial Age
37:09 Wheelbarrow
36:44 Elite Skirmisher
37:38 Town Patrol
37:43 Arson
37:59 Squires
37:45 Gambesons
40:45 Plate Mail Armor
41:15 Blast Furnace
41:30 Hand Cart
42:16 Crop Rotation
41:42 Stone Mining
41:24 Elite Eagle Warrior
43:37 Leather Archer Armor
43:19 Bodkin Arrow
46:14 Bracer
46:39 Conscription
48:57 Chemistry
49:14 Caravan
49:38 Atlatl
49:58 Garland Wars
50:54 Ballistics
51:11 Garland Wars
51:19 Garland Wars
51:06 Elite Jaguar Warrior
53:55 Coinage
53:09 Pikeman
53:09 Man-at-Arms
Connection lost

Rejoining the realm…

Still unreachable

The connection could not be restored.

Session expired

The server has moved on; the page needs a fresh start.